 Dungeon Crawl Stone Soup version 0.30.0-29-ga12c61a403 (webtiles) character file.

Game seed: 13397443113043699879

15960 DildoBatman the Black Sun (level 12, 0/91 HPs)
             Began as a Formicid Conjurer on June 8, 2023.
             Was a High Priest of Kikubaaqudgha.
             Slain by a polar bear (2 damage)
             ... on level 11 of the Dungeon.
             The game lasted 00:47:07 (13509 turns).

DildoBatman the Black Sun (Formicid Conjurer)      Turns: 13509, Time: 00:47:07

Health: 0/91       AC:  7    Str: 11    XL:     12   Next: 64%
Magic:  13/33      EV: 13    Int: 30    God:    Kikubaaqudgha [*****.]
Gold:   1583       SH:  4    Dex: 12    Spells: 12/28 levels left

rFire   . . .        b - +3 scimitar (freeze)
rCold   + . .        j - +0 buckler
rNeg    . . .        V - +1 robe of Ocefong {rPois MP+9 Slay+3}
rPois   +            (helmet unavailable)
rElec   .            p - +0 cloak
rCorr   .            Q - +0 pair of gloves
SInv    +            W - +0 pair of boots
Will    +....        (no amulet)
Stlth   +++          L - ring of protection from cold
HPRegen 0.35/turn    z - +6 ring of intelligence
MPRegen 0.23/turn

%: no passive effects
@: very slightly contaminated
A: permanent stasis, dig shafts and tunnels, antennae 3, four strong arms
a: Dig, Shaft Self, Renounce Religion, Unearth Wretches, Torment


You were on level 11 of the Dungeon.
You worshipped Kikubaaqudgha.
Kikubaaqudgha was extremely pleased with you.
You visited 2 branches of the dungeon, and saw 15 of its levels.
You also visited: Ossuary.

You collected 1583 gold pieces.

Inventory:

Hand Weapons
 a - a +2 shortbow of flaming
 b - a +3 scimitar of freezing (weapon)
 e - the +1 spear "Killer Bee's Peril" {heavy, *Slow rF+ rN+ Stlth+}
   (You took it off a hobgoblin on level 2 of the Dungeon)

   rF:        It protects you from fire.
   rN:        It protects you from negative energy.
   *Slow:     It may slow you when you take damage.
   Stlth:     It makes you more stealthy.
Missiles
 m - 42 poisoned darts
 N - 2 curare-tipped darts
 P - 5 datura-tipped darts
 R - 6 javelins
Armour
 j - a +0 buckler (worn)
 l - +0 steam dragon scales
 p - a +0 cloak (worn)
 B - a +2 scale mail of cold resistance
 Q - a +0 pair of gloves (worn)
 V - the +1 robe of Ocefong (worn) {rPois MP+9 Slay+3}
   (You took it off a wight on level 9 of the Dungeon)

   Slay:      It affects your accuracy & damage with ranged weapons and melee
   (+3).
   rPois:     It protects you from poison.
   MP:        It affects your magic capacity (+9).
 W - a +0 pair of boots (worn)
 X - the +1 robe of the Heavens {Int+2 Stlth+}
   (You found it on level 10 of the Dungeon)

   Int:       It affects your intelligence (+2).
   Stlth:     It makes you more stealthy.
Magical Staves
 H - the staff of poison "Cayngot" {rPois rC+}
   (You found it on level 13 of the Dungeon)

   [staff of poison]

   Base accuracy: +5 Base damage: 5 Base attack delay: 1.2 This weapon's minimum
   attack delay (0.6) is reached at skill level 12.
   rC:        It protects you from cold.
   rPois:     It protects you from poison.
   It falls into the 'Staves' category.
   It is a weapon for one hand-pair.
 K - a staff of earth
Jewellery
 i - a ring of willpower
 w - a ring of positive energy
 z - a +6 ring of intelligence (right hand)
 C - a ring of resist corrosion
 E - a ring of wizardry
 J - a ring of willpower
 L - a ring of protection from cold (left hand)
 M - a ring of protection from cold
 U - a ring of protection from fire
Wands
 g - a wand of flame (24)
 F - a wand of charming (3)
 O - a wand of iceblast (7)
Scrolls
 d - 5 scrolls of immolation
 h - 2 scrolls of fog
 n - a scroll of blinking {unknown}
 x - 2 scrolls of fear
 y - 4 scrolls of enchant armour
 A - 3 scrolls of enchant weapon
 G - a scroll of amnesia {unknown}
 I - a scroll of poison {unknown}
 T - a scroll of magic mapping {unknown}
 Y - a scroll of identify
Potions
 c - 7 potions of flight
 f - a potion of mutation {unknown}
 k - 2 potions of might {unknown}
 o - 6 potions of curing
 r - a potion of attraction {unknown}
 s - 4 potions of heal wounds
 t - a potion of resistance {unknown}
 u - 5 potions of brilliance
 v - a potion of ambrosia {unknown}
 D - 2 potions of cancellation {unknown}
 S - 2 potions of lignification {unknown}


   Skills:
 * Level 7.4 Fighting
 * Level 7.4 Armour
 * Level 5.4 Dodging
 - Level 7.0 Stealth
 - Level 3.0 Shields
 * Level 8.6 Spellcasting
 - Level 6.0 Conjurations
 - Level 9.0 Necromancy
 - Level 6.0 Ice Magic
 - Level 6.0 Earth Magic


You had 12 spell levels left.
You knew the following spells:

 Your Spells              Type           Power      Damage    Failure   Level
a - Searing Ray           Conj           96%        2d7       1%          2
b - Stone Arrow           Conj/Erth      96%        3d13      1%          3
c - Magic Dart            Conj           100%       1d8       1%          1
d - Vampiric Draining     Necr           61%        2d10      1%          3
e - Frozen Ramparts       Ice            96%        1d15      1%          3
h - Dispel Undead         Necr           61%        3d21      1%          4

Your spell library contained the following spells:

 Spells                   Type           Power      Damage    Failure   Level
 Necrotise                Necr           100%       1d9       1%          1
 Sandblast                Erth           96%        2d20      1%          1
 Shock                    Conj/Air       100%       1d9       1%          1
 Animate Dead             Necr           61%        N/A       1%          4
 Cigotuvi's Dreadful Rot  Necr/Pois/Air  60%        N/A       2%          2
 Passwall                 Tmut/Erth      25%        N/A       2%          2
 Dazzling Flash           Conj/Hex       60%        N/A       4%          3
 Agony                    Necr           61%        N/A       4%          5
 Lee's Rapid Deconstruct  Erth           24%        3d13*     14%         5
 Volatile Blastmotes      Fire/Tloc      24%        2d12      17%         3
 Fulminant Prism          Conj/Hex       15%        3d10      17%         4
 Ice Form                 Ice/Tmut       30%        N/A       17%         4
 Iskenderun's Mystic Bla  Conj/Tloc      30%        2d8       17%         4
 Summon Ice Beast         Ice/Summ       30%        N/A       17%         4
 Death Channel            Necr           30%        N/A       22%         6
 Simulacrum               Ice/Necr       27%        N/A       38%         6
 Airstrike                Air            6%         2d(1-17)  50%         4
 Swiftness                Air            Unusable   N/A       N/A         3

Dungeon Overview and Level Annotations

Branches:
Dungeon (14/15)            Temple (1/1) D:5            Lair (0/5) D:8
    Orc (0/2) D:11        Ossuary (visited)
 Vaults: D:13-14

Altars:
Ashenzari
Cheibriados
Dithmenos
Elyvilon
Fedhas
Gozag
Hepliaklqana
Kikubaaqudgha
Makhleb
Nemelex Xobeh
Okawaru
Qazlal
Ru
Sif Muna
Trog
Uskayaw
Vehumet
Wu Jian
Xom
Yredelemnul
Zin
The Shining One

Portals:
Ice
Cave: D:11

Annotations:
D:11 Amaemon


Innate Abilities, Weirdness & Mutations

You cannot be hasted, slowed, berserked, paralysed or teleported.
You can dig through walls and to a lower floor.
You have a pair of large antennae on your head. (SInv)
Your four strong arms can wield two-handed weapons with a shield.


Message History

Aiming: Stone Arrow (safe; 1% risk of failure)
Press: ? - help, Shift-Dir - straight line, f/p - polar bear
Aim: a polar bear (severely wounded, 82% to hit)
You miscast Stone Arrow.
You are very lightly contaminated with residual magic.
Nothing appears to happen.
The polar bear barely misses you. The polar bear closely misses you. x2
Casting: Stone Arrow (safe; 1% risk of failure)
Confirm with . or Enter, or press ? or * to list all spells.
Aiming: Stone Arrow (safe; 1% risk of failure)
Press: ? - help, Shift-Dir - straight line, f/p - polar bear
Aim: a polar bear (severely wounded, 82% to hit)
You miscast Stone Arrow.
Nothing appears to happen.
The polar bear completely misses you. The polar bear claws you. x2
You hear a deafening roar!
Casting: Stone Arrow (safe; 1% risk of failure)
Confirm with . or Enter, or press ? or * to list all spells.
Aiming: Stone Arrow (safe; 1% risk of failure)
Press: ? - help, Shift-Dir - straight line, f/p - polar bear
Aim: a polar bear (severely wounded, 82% to hit)
The stone arrow hits the polar bear!
The polar bear is almost dead.
The polar bear bites you! The polar bear barely misses you.
The polar bear misses you.
Casting: Stone Arrow (safe; 1% risk of failure)
Confirm with . or Enter, or press ? or * to list all spells.
Aiming: Stone Arrow (safe; 1% risk of failure)
Press: ? - help, Shift-Dir - straight line, f/p - polar bear
Aim: a polar bear (almost dead, 82% to hit)
The stone arrow hits the polar bear!
You kill the polar bear!
Kikubaaqudgha accepts your kill. The polar bear closely misses you.
The polar bear claws you. x2
You die...
Kikubaaqudgha rasps: "You have failed me!
Welcome... death!"

#####
#........#########
#........#
#.######## #.# #.#
#.# #.### #...## #
. #.).@####.#....
#>..#h#†h....∩.
#...##.###..D..
#...#### ...
##..##### #
#......###
#.....^..#
#........#
#........#


You could see a polar bear (berserk).

Vanquished Creatures
  Erolcha (D:11)
  5 two-headed ogres
  An ugly thing (D:12)
  2 cyclopes (D:11)
  3 gargoyles
  An unseen horror (D:11)
  A polar bear (D:11)
  A troll (D:9)
  Prince Ribbit (D:8)
  A wraith (D:6)
  The ghost of Sensen the Magician, an amateur DEFE (D:4)
  11 yaks
  A vampire (D:11)
  A wyvern (D:9)
  9 vampire mosquitoes
  A steam dragon (D:9)
  Menkaure (D:5)
  An acid dragon (D:10)
  3 water moccasins
  3 ice beasts
  2 sky beasts (D:8)
  An orc warrior (D:8)
  2 black bears
  An ogre (D:3)
  2 wolves (D:11)
  4 centaurs
  3 kobold brigands
  A phantom (D:5)
  An elf zombie (Ossuary)
  9 bullfrogs
  3 scorpions
  2 gnoll sergeants
  20 wights
  5 killer bees
  10 howler monkeys
  2 lava snakes (D:7)
  3 hounds
  A jelly (D:6)
  4 gnoll boudas
  7 orc priests
  3 sleepcaps
  Terence (D:3)
  4 iguanas
  6 orc wizards
  2 hell rats (D:7)
  3 mummies (Ossuary)
  6 adders
  38 gnolls
  6 river rats (D:7)
  A shadow imp (D:7)
  2 white imps (D:6)
  An ufetubus (D:6)
  A worm (D:2)
  3 dart slugs
  27 orcs
  6 ball pythons
  8 endoplasms
  3 giant cockroaches
  6 goblins
  11 hobgoblins
  3 jackals (D:2)
  11 quokkas
  3 bats (D:3)
  4 frilled lizards
  4 goblin zombies
  2 hobgoblin zombies (Ossuary)
  23 kobolds
  4 kobold zombies (Ossuary)
  19 rats
  A rat zombie (D:6)
344 creatures vanquished.

Vanquished Creatures (others)
  A yak (D:11)
1 creature vanquished.

Grand Total: 345 creatures vanquished

Notes
Turn   | Place    | Note
-------+----------+-------------------------------------------
     0 | D:1      | DildoBatman the Formicid Conjurer began the quest for the
                  | Orb.
     0 | D:1      | Reached XP level 1. HP: 13/13 MP: 3/3
    96 | D:1      | Reached XP level 2. HP: 6/20 MP: 0/5
    99 | D:1      | Learned a level 2 spell: Searing Ray
   469 | D:1      | Found a faded altar of an unknown god.
   898 | D:1      | Reached skill level 1 in Fighting
   898 | D:1      | Reached XP level 3. HP: 26/26 MP: 3/6
  1161 | D:2      | Reached skill level 1 in Armour
  1205 | D:2      | Reached XP level 4. HP: 32/32 MP: 7/7
  1626 | D:3      | Noticed an ogre
  1688 | D:3      | Noticed Terence
  1694 | D:3      | You fall into a shaft and drop 3 floors!
  1696 | D:6      | Noticed a bullfrog
  1702 | D:6      | Killed a bullfrog
  1703 | D:6      | Reached XP level 5. HP: 28/38 MP: 4/9
  1792 | D:6      | Found a sand-covered staircase.
  1917 | D:6      | Reached XP level 6. HP: 46/46 MP: 3/10
  1974 | Ossuary  | Entered an ossuary
  1974 | Ossuary  | Noticed a wraith
  1974 | Ossuary  | Noticed a wraith
  1974 | Ossuary  | Noticed a wraith
  2707 | Ossuary  | Noticed a wraith
  2979 | D:6      | You fall into a shaft and drop 1 floor!
  2996 | D:7      | Noticed a black bear
  3009 | D:7      | Reached XP level 7. HP: 25/52 MP: 6/12
  3387 | D:6      | Reached skill level 5 in Conjurations
  3556 | D:5      | Entered Level 5 of the Dungeon
  3592 | D:5      | Reached XP level 8. HP: 48/60 MP: 6/14
  4276 | D:4      | Found a runed translucent gate.
  4276 | D:4      | Found a runed translucent gate.
  4276 | D:4      | Found a runed translucent gate.
  4278 | D:4      | Found an opulent altar of Gozag.
  4281 | D:4      | Noticed Sensen's ghost (amateur DEFE)
  4837 | D:5      | Reached skill level 5 in Spellcasting
  5097 | D:5      | Reached skill level 5 in Fighting
  5115 | D:5      | Reached skill level 5 in Armour
  5256 | D:5      | Reached XP level 9. HP: 39/68 MP: 9/17
  5524 | D:5      | Found a staircase to the Ecumenical Temple.
  5533 | Temple   | Entered the Ecumenical Temple
  5861 | D:5      | Noticed Menkaure
  5995 | D:5      | Noticed a two-headed ogre
  5999 | D:5      | You fall into a shaft and drop 3 floors!
  6033 | D:8      | Reached skill level 5 in Stealth
  6467 | D:8      | Found a faded altar of an unknown god.
  6467 | D:8      | Found a bloodstained altar of Trog.
  6499 | D:8      | Found an ancient bone altar of Kikubaaqudgha.
  6556 | D:8      | Found a faded altar of an unknown god.
  6557 | D:8      | Found a sacrificial altar of Ru.
  6560 | D:8      | Became a worshipper of Kikubaaqudgha
  6890 | D:2      | Identified the +1 spear "Killer Bee's Peril" {heavy, *Slow
                  | rF+ rN+ Stlth+}
  6970 | D:2      | Reached * piety under Kikubaaqudgha
  6970 | D:2      | Received a gift from Kikubaaqudgha
  7328 | D:3      | Killed Terence
  7695 | D:5      | Reached skill level 1 in Necromancy
  7833 | D:6      | Reached XP level 10. HP: 62/74 MP: 5/20
  7880 | D:6      | Reached ** piety under Kikubaaqudgha
  8132 | D:7      | Found a shadowy altar of Dithmenos.
  8132 | D:7      | Found a sparkling altar of Nemelex Xobeh.
  8132 | D:7      | Found a radiant altar of Vehumet.
  8133 | D:7      | Found a shimmering altar of Xom.
  8133 | D:7      | Found a glowing golden altar of the Shining One.
  8242 | D:7      | Reached skill level 2 in Necromancy
  8594 | D:7      | Reached *** piety under Kikubaaqudgha
  8594 | D:7      | Received a gift from Kikubaaqudgha
  8711 | D:7      | Reached skill level 3 in Necromancy
  8780 | D:7      | Found an iron altar of Okawaru.
  8939 | D:7      | Learned a level 3 spell: Stone Arrow
  8943 | D:7      | Learned a level 3 spell: Vampiric Draining
  8948 | D:7      | Learned a level 4 spell: Dispel Undead
  8952 | D:7      | Learned a level 3 spell: Frozen Ramparts
  9262 | D:4      | Killed Sensen's ghost
  9263 | D:4      | Reached skill level 1 in Ice Magic
  9263 | D:4      | Reached skill level 1 in Earth Magic
  9427 | D:5      | Killed a two-headed ogre
  9428 | D:5      | Reached skill level 4 in Necromancy
  9564 | D:5      | Killed Menkaure
  9845 | D:8      | Noticed Prince Ribbit
  9881 | D:8      | Killed Prince Ribbit
  9882 | D:8      | Reached XP level 11. HP: 71/81 MP: 6/22
 10124 | D:8      | Reached skill level 5 in Necromancy
 10314 | D:8      | Reached skill level 5 in Earth Magic
 10316 | D:8      | Reached **** piety under Kikubaaqudgha
 10405 | D:8      | Found a staircase to the Lair.
 10796 | D:9      | Noticed a two-headed ogre
 10814 | D:9      | Killed a two-headed ogre
 11004 | D:9      | Noticed a two-headed ogre
 11016 | D:9      | Killed a two-headed ogre
 11017 | D:9      | Reached skill level 6 in Necromancy
 11017 | D:9      | Reached skill level 5 in Ice Magic
 11395 | D:9      | Noticed a two-headed ogre
 11410 | D:9      | Killed a two-headed ogre
 11411 | D:9      | Reached skill level 7 in Necromancy
 11485 | D:9      | Noticed a two-headed ogre
 11493 | D:9      | Killed a two-headed ogre
 11541 | D:9      | Identified the +1 robe of Ocefong {rPois MP+9 Slay+3}
 11546 | D:9      | Reached skill level 8 in Necromancy
 12074 | D:9      | Reached XP level 12. HP: 81/88 MP: 23/23
 12241 | D:10     | Entered Level 10 of the Dungeon
 12290 | D:10     | Reached skill level 1 in Shields
 12501 | D:10     | Reached ***** piety under Kikubaaqudgha
 12552 | D:10     | Reached skill level 9 in Necromancy
 12715 | D:10     | Identified the +1 robe of the Heavens {Int+2 Stlth+}
 12986 | D:11     | Noticed Amaemon
 13036 | D:11     | Identified a scroll of acquirement
 13037 | D:11     | Acquired 755 gold pieces
 13141 | D:11     | Noticed Erolcha
 13141 | D:11     | You fall into a shaft and drop 3 floors!
 13241 | D:13     | Identified the staff of poison "Cayngot" {rPois rC+}
 13304 | D:11     | Found a staircase to the Orcish Mines.
 13346 | D:11     | Reached skill level 5 in Dodging
 13385 | D:11     | Killed Erolcha
 13443 | D:11     | Found a frozen archway.
 13447 | D:11     | Noticed an ice dragon
 13509 | D:11     | HP: 2/91 [polar bear (5)]
 13509 | D:11     | Slain by a polar bear

Illustrated notes

Levels and vault maps discovered:
D:1:      doesnt_arrival_eight_statues, layout_basic, basic_ecumenical_altar,
          solitary_fountain
D:2:      minmay_door_path, layout_rooms
D:3:      layout_basic, uniq_terence
D:4:      layout_gridville, ebering_ghost_gozag, hex_large
D:5:      kb_forest_paths, layout_basic, minmay_temple_entry_junction,
          uniq_menkaure
D:6:      layout_loops_cross, enter_ossuary_4
D:7:      lemuel_ratsnest, layout_basic, grunt_temple_overflow_open,
          okawaru_gym_becter, kennysheep_cluttered_room, serial_bayou_crossing
D:8:      layout_basic, chequers_temple_overflow_minitemple, lair_entry_dummy,
          minivault_5, uniq_prince_ribbit1
D:9:      layout_cave_pods, grunt_ministairs_15
D:10:     layout_basic, st_stairs_13
D:11:     layout_small_grid, orc_0_dummy,
          portal_ice_cave_entry_animals_and_master, uniq_amaemon, uniq_erolcha
D:12:     layout_loops_ring, serial_shops, shop, uniq_frances
D:13:     layout_basic
D:14:     layout_loops_ring, david_vaults_1, minivault_16, uniq_jorgrun
Temple:   nicolae_temple_god_jail

Skill      XL: |  1  2  3  4  5  6  7  8  9 10 11 12 |
---------------+-------------------------------------+-----
Dodging        | 2 3 4 5 |  5.4
Fighting       | 1 2 3 4 5 6 7 |  7.4
Stealth        | 3 7 |  7.0
Armour         | 1 2 3 5 6 7 |  7.4
Spellcasting   | 3 4 5 7 8 |  8.6
Conjurations   | 4 5 6 |  6.0
Necromancy     | 1 4 8 9 |  9.0
Ice Magic      | 3 6 |  6.0
Earth Magic    | 4 6 |  6.0
Shields        | 3 |  3.0

Action                     |  1- 3 |  4- 6 |  7- 9 | 10-12 || total
---------------------------+-------+-------+-------+-------++-------
  Melee: Dagger            |    10 |       |       |       ||    10
         Halberd           |       |       |       |    24 ||    24
         Scimitar          |       |       |       |    15 ||    15
         Staff             |       |       |       |     1 ||     1
   Fire: Sling             |    26 |    63 |     3 |       ||    92
         Shortbow          |       |       |   130 |   143 ||   273
   Cast: Magic Dart        |    19 |     3 |     1 |     3 ||    26
         Searing Ray       |     5 |    20 |    78 |    78 ||   181
         Dispel Undead     |       |       |       |    17 ||    17
         Stone Arrow       |       |       |       |    48 ||    48
         Frozen Ramparts   |       |       |       |    10 ||    10
         Vampiric Draining |       |       |       |     9 ||     9
Ability: Shaft Self        |       |     2 |     1 |       ||     3
  Evoke: Wand              |       |       |       |     1 ||     1
    Use: Scroll            |       |     8 |     1 |     6 ||    15
         Potion            |       |       |       |     1 ||     1
 Armour: Robe              |     2 |     7 |    24 |    45 ||    78
  Dodge: Dodged            |     9 |    25 |    84 |   186 ||   304
  Block: Buckler           |       |       |       |    19 ||    19
